 Dungeon Crawl Stone Soup version 0.29-a0-925-g0a7a3d12f8 (webtiles) character file.

Game seed: 5271234112917165997

13 IdlyInterested the Vexing (level 2, -1/22 HPs)
             Began as a Demonspawn Wanderer on July 29, 2022.
             Slain by an adder (3 damage)
             ... on level 2 of the Dungeon.
             The game lasted 00:03:16 (1031 turns).

IdlyInterested the Vexing (Demonspawn Wanderer)     Turns: 1031, Time: 00:03:16

Health: -1/22      AC:  6    Str: 12    XL:     2   Next: 24%
Magic:  3/3        EV: 10    Int: 13    God:
Gold:   42         SH:  0    Dex: 12    Spells: 3/3 levels left

rFire   . . .      SeeInvis .   h - +0 mace
rCold   . . .      Faith    .   (no shield)
rNeg    . . .      Spirit   .   o - +0 ring mail
rPois   .          Reflect  .   p - +0 helmet
rElec   .          Harm     .   (no cloak)
rCorr   .          Rampage  .   (no gloves)
Will    .....                   (no boots)
Stlth   +.........              (no amulet)
HPRegen 0.07/turn               (no ring)
MPRegen 0.08/turn               (no ring)

@: lethally poisoned (-1 -> -5)
A: powered by death 1
a: no special abilities


You were on level 2 of the Dungeon.
You visited 1 branch of the dungeon, and saw 2 of its levels.

You collected 42 gold pieces.

Inventory:

Hand Weapons
 a - a +0 club
 h - a +0 mace (weapon)
 n - a +0 dagger
Armour
 c - a +0 robe
 m - a +0 leather armour
 o - a +0 ring mail (worn)
 p - a +0 helmet (worn)
Jewellery
 g - a ring of fire
Wands
 d - a wand of flame (6) (quivered)
Scrolls
 e - 2 scrolls of fear {unknown}
 f - a scroll of immolation {unknown}
 j - 2 scrolls of magic mapping {unknown}
 k - 2 scrolls of identify {unknown}
 l - a scroll of poison {unknown}
 q - a scroll of blinking {unknown}
 r - a scroll of vulnerability {unknown}
Potions
 b - a potion of haste
 i - a potion of brilliance {unknown}
 s - a potion of curing {unknown}


   Skills:
 * Level 1.8 Fighting
 * Level 0.3 Dodging
 - Level 1.0 Stealth
 - Level 1.0 Spellcasting
 - Level 3.0 Hexes
 - Level 2.1 Necromancy
 - Level 1.2 Invocations
 - Level 2.0 Evocations


You had 3 spell levels left.
You didn't know any spells.
Your spell library contained the following spells:

 Spells                   Type           Power      Damage    Failure   Level
 Slow                     Hex            32%        N/A       19%         1
 Necrotise                Necr           24%        1d5       26%         1
 Vampiric Draining        Necr           6%         2d6       61%         3
 Inner Flame              Hex/Fire       4%         N/A       71%         3
 Cause Fear               Hex            4%         N/A       88%         4


Dungeon Overview and Level Annotations

Branches:
Dungeon (2/15)

Altars:


Innate Abilities, Weirdness & Mutations

You regenerate a little health from kills.


Message History

You hit the kobold.
The kobold is moderately wounded.
The kobold hits you but does no damage.
You hit the kobold.
The kobold is severely wounded.
The kobold hits you but does no damage. The kobold hits you with a +0 dagger.
You hit the kobold.
You kill the kobold!
Things that are here:
a +0 dagger; 5 stones; a kobold corpse
e - 2 scrolls labelled VACVOG TEBURGH (gained 1)
Things that are here:
a +0 dagger; 5 stones; a kobold corpse An adder comes into view.
The adder hisses angrily.
You see here 8 gold pieces.
A rat comes into view.
You closely miss the adder. The adder barely misses you. The adder bites you.
You are poisoned.
The adder poisons you!
You feel sick.
You see here 8 gold pieces.
The adder attacks as you move away! The adder closely misses you.
You feel sick. The adder bites you.
You are lethally poisoned!
The adder poisons you!
You feel very sick. The adder attacks as you move away!
The adder barely misses you.
* * * LOW HITPOINT WARNING * * *
You feel sick.
Things that are here:
a +0 dagger; 5 stones; a kobold corpse You miss the adder.
* * * LOW HITPOINT WARNING * * *
You feel sick.
The adder bites you but does no damage. x2
You hit the adder.
The adder is lightly wounded.
* * * LOW HITPOINT WARNING * * *
You feel sick. The adder bites you.
You die...

... ..# ...# ...
#.# ..... ....
#.#+###....#
....##..........#
.................#
....##...$........
...........r..####
...###S#.........
#<@##########
#.......#
#.#####.# ....
###.# #.# #.# ..#
##


You could see an adder.

Vanquished Creatures
  2 ball pythons (D:1)
  An endoplasm (D:1)
  A goblin (D:1)
  A quokka (D:1)
  2 bats (D:1)
  3 kobolds
  3 rats (D:1)
13 creatures vanquished.

Notes
Turn   | Place    | Note
-------+----------+-------------------------------------------
     0 | D:1      | IdlyInterested the Demonspawn Wanderer began the quest for
                  | the Orb.
     0 | D:1      | IdlyInterested set off with the following items: a +0 club,
                  | a potion of haste, a +0 robe, a wand of flame (7); and the
                  | following spells available to memorise: Slow, Necrotise,
                  | Vampiric Draining, Inner Flame, Cause Fear.
     0 | D:1      | Reached XP level 1. HP: 15/15 MP: 2/2
   429 | D:1      | Reached skill level 1 in Stealth
   496 | D:1      | Gained mutation: You regenerate a little health from kills.
                  | [demonic ancestry]
   496 | D:1      | Reached XP level 2. HP: 18/21 MP: 3/3
   939 | D:1      | Found a faded altar of an unknown god.
  1031 | D:2      | Slain by an adder

Illustrated notes

Levels and vault maps discovered:
D:1:      erik_arrival_triangle_medium, layout_rooms,
          dilly_ecumenical_altar_fadedgnrine, minmay_misc_feat_rugged,
          lemuel_old_faithful
D:2:      layout_basic

Skill      XL: |  1 |
---------------+----+-----
Stealth        | 1 |  1.0
Fighting       | |  1.8
Dodging        | |  0.3
Spellcasting   | |  1.0
Hexes          | |  3.0
Necromancy     | |  2.1
Invocations    | |  1.2
Evocations     | |  2.0

Action                   || total
-------------------------++-------
Melee: Mace              ||    46
       Club              ||    13
       Punch             ||     1
Evoke: Wand              ||     1
Armor: Ring mail         ||    35
Dodge: Dodged            ||    42

Table legend: (Time is in decaauts)
 A = Elapsed time spent in this place.
 B = Non-inter-level travel time spent in this place.
 C = Inter-level travel time spent in this place.
 D = Time resting spent in this place.
 E = Time spent auto-exploring this place.
 F = Levels seen in this place.
 G = Mean time per level.
                   A        B        C        D        E       F      G
               +--------+--------+--------+--------+--------+-----+--------+
         Total |   1052 |   1028 |     24 |    305 |    434 |   2 |  526.0 |
       Dungeon |   1052 |   1028 |     24 |    305 |    434 |   2 |  526.0 |
               +--------+--------+--------+--------+--------+-----+--------+

Top non-repeatable levels by time:
     D:1: 1017 daAuts
     D:2: 35 daAuts
